 Dungeon Crawl Stone Soup version 0.29.1-1-gd02db6906a (webtiles) character file.

Game seed: 16140998452482840833

9381 sankara the Severer (level 11, 0/101 HPs)
             Began as a Hill Orc Fighter on Oct 14, 2022.
             Was an Initiate of Makhleb.
             Slain by a bog body (11 damage)
             ... on level 2 of the Lair of Beasts.
             The game lasted 00:24:41 (13979 turns).

sankara the Severer (Hill Orc Fighter)             Turns: 13979, Time: 00:24:41

Health: 0/101      AC: 20    Str: 20    XL:     11   Next: 45%
Magic:  11/11      EV: 12    Int:  8    God:    Makhleb [......]
Gold:   579        SH:  6    Dex: 20    Spells: 10/10 levels left

rFire   . . .      SeeInvis .   a - +1 war axe (freeze)
rCold   . . .      Faith    .   c - +0 buckler
rNeg    . . .      Spirit   .   J - +1 swamp dragon scales
rPois   +          Reflect  .   o - +0 helmet
rElec   .          Harm     .   z - +0 cloak
rCorr   .          Rampage  .   b - +0 pair of gloves
Will    .....                   q - +0 pair of boots
Stlth   +.........              (no amulet)
HPRegen 0.26/turn               k - +6 ring of dexterity
MPRegen 0.12/turn               y - +4 ring of protection

@: slowed, very slow
A: no striking features
a: Renounce Religion


You were on level 2 of the Lair of Beasts.
You worshipped Makhleb.
Makhleb was noncommittal.
You visited 3 branches of the dungeon, and saw 11 of its levels.

You collected 579 gold pieces.

Inventory:

Hand Weapons
 a - a +1 war axe of freezing (weapon)
 u - a +0 sling
Missiles
 e - 92 stones (quivered)
 g - 7 boomerangs
 s - 8 javelins
 A - 22 poisoned darts
 D - a throwing net
Armour
 b - a +0 pair of gloves (worn)
 c - a +0 buckler (worn)
 o - a +0 helmet (worn)
 q - a +0 pair of boots (worn)
 z - a +0 cloak (worn)
 J - +1 swamp dragon scales (worn)
Jewellery
 k - a +6 ring of dexterity (left hand)
 y - a +4 ring of protection (right hand)
 C - a ring of poison resistance
 I - a ring of magical power
Wands
 L - a wand of mindburst (2)
 O - a wand of flame (13)
Scrolls
 f - a scroll of poison
 h - 3 scrolls of enchant weapon
 i - 2 scrolls of fear
 l - a scroll of amnesia
 n - a scroll of butterflies
 v - a scroll of enchant armour
 F - 7 scrolls of teleportation
 M - a scroll of identify
Potions
 d - a potion of might
 j - 3 potions of cancellation {unknown}
 m - 2 potions of haste {unknown}
 p - 2 potions of resistance {unknown}
 r - 3 potions of lignification
 t - a potion of ambrosia
 w - 2 potions of mutation {unknown}
 x - 3 potions of flight
 B - 4 potions of magic {unknown}
 E - a potion of brilliance {unknown}
 G - a potion of invisibility {unknown}
 H - 2 potions of heal wounds {unknown}
 K - 2 potions of curing {unknown}
 N - a potion of berserk rage {unknown}


   Skills:
 + Level 10.7 Fighting
 * Level 15.4 Axes
 + Level 9.9 Armour
 - Level 3.0 Dodging
 - Level 5.0 Shields


You had 10 spell levels left.
You didn't know any spells.
Your spell library contained the following spells:

 Spells                   Type           Power      Damage    Failure   Level
 Blink                    Tloc           0%         N/A       78%         2
 Ensorcelled Hibernation  Hex/Ice        0%         N/A       78%         2
 Passwall                 Tmut/Erth      0%         N/A       78%         2
 Static Discharge         Conj/Air       0%         3-3/arc   78%         2
 Swiftness                Air            0%         N/A       95%         3
 Lightning Bolt           Conj/Air       0%         1d11      100%        5
 Manifold Assault         Tloc           0%         N/A       100%        5
 Storm Form               Tmut/Air       0%         N/A       100%        7
 Maxwell's Capacitive Co  Air            0%         ∞         100%        8


Dungeon Overview and Level Annotations

Branches:
Dungeon (8/15)             Temple (1/1) D:7            Lair (2/5) D:8
  Swamp: Lair:2-3    Shoals: Lair:2-3     Snake: Lair:2-3    Spider: Lair:2-3

Altars:
Ashenzari
Cheibriados
Elyvilon
Fedhas
Gozag
Hepliaklqana
Kikubaaqudgha
Makhleb
Nemelex Xobeh
Okawaru
Qazlal
Ru
Sif Muna
Trog
Uskayaw
Vehumet
Wu Jian
Xom
Yredelemnul
Zin

Annotations:
D:6 Sigmund


Message History

You hit the bog body.
You destroy the bog body!
Makhleb accepts your kill.
No target in view!
You start resting.
HP restored.
e - 92 stones (gained 8)
A bog body comes into view.
A bog body is nearby!
The bog body casts a spell at you. The bolt of cold hits you!!
You closely miss the bog body. You hit the bog body.
The bog body is lightly damaged.
You block the bog body's attack.
You hit the bog body but do no damage.
The bog body is lightly damaged.
The bog body points at you and mumbles some strange words.
You feel yourself slow down.
You slice the bog body!! You freeze the bog body.
The bog body is severely damaged.
The bog body casts a spell at you.
You feel as though you will be slow longer.
You hit the bog body.
The bog body is almost destroyed.
The bog body touches you! The bog body freezes you!!
You are too injured to fight recklessly!
You are too injured to fight recklessly!
You are too injured to fight recklessly!
You hit the bog body but do no damage.
The bog body is severely damaged.
The bog body barely misses you. The bog body touches you!
The bog body freezes you!
* * * LOW HITPOINT WARNING * * *
You barely miss the bog body.
The bog body is severely damaged.
The bog body touches you!
* * * LOW HITPOINT WARNING * * *
The bog body freezes you!
You die...

....##♣ ♣♣......#...#
......#.♣ .. ♣............
.........♣ ..~♣............
....#....♣~..≈♣............
.........♣~.♣~♣.......P....
....#....♣♣..♣♣.........#..
.....#....♣..♣.........####
#........♣n.♣..#......#
##......@⌠⌠...#.#...##
#..........####...P#
###.÷.....## ###.##
#.......# #.### # #....##.#
##..#### ####..#####
#..##<. ##......## #....#.
###........## ##....#
#.#...........# ##P...#


You could see a bog body.

Vanquished Creatures
  A catoblepas (D:8)
  A bog body (Lair:2)
  An elephant (D:8)
  2 black mambas (Lair:2)
  5 cane toads
  Maggie (D:6)
  Prince Ribbit (D:8)
  5 blink frogs
  2 wyverns (D:8)
  A steam dragon (Lair:2)
  Menkaure (D:6)
  3 water moccasins
  3 ice beasts
  2 black bears (D:8)
  An ogre (D:4)
  7 bullfrogs
  2 kobold brigands (D:8)
  A gnoll sergeant (D:6)
  2 scorpions (D:6)
  9 wights
  3 howler monkeys (D:4)
  Crazy Yiuf (D:3)
  6 jellies
  5 hounds
  5 orc priests
  A gnoll bouda (D:4)
  5 iguanas
  20 orc wizards
  21 gnolls
  10 adders
  A white imp (D:7)
  An ufetubus (D:6)
  2 worms (D:2)
  6 dart slugs
  47 orcs
  5 ball pythons
  8 endoplasms
  3 giant cockroaches
  15 hobgoblins
  20 jackals
  18 kobolds
  6 quokkas
  4 bats
  8 frilled lizards
  8 goblins
  4 rats
  A spectral goblin (D:5)
285 creatures vanquished.

Vanquished Creatures (collateral kills)
  A jelly (D:6)
1 creature vanquished.

Vanquished Creatures (others)
  An orc wizard (D:7)
  5 fungi
  3 plants
9 creatures vanquished.

Grand Total: 295 creatures vanquished

Notes
Turn   | Place    | Note
-------+----------+-------------------------------------------
     0 | D:1      | sankara the Hill Orc Fighter began the quest for the Orb.
     0 | D:1      | Reached XP level 1. HP: 19/19 MP: 1/1
   142 | D:1      | Reached skill level 3 in Axes
   143 | D:1      | Reached XP level 2. HP: 9/27 MP: 2/2
   836 | D:1      | Reached XP level 3. HP: 33/33 MP: 3/3
  1125 | D:1      | Found a faded altar of an unknown god.
  1485 | D:2      | Reached skill level 4 in Axes
  1713 | D:2      | Reached XP level 4. HP: 40/40 MP: 4/4
  3038 | D:3      | Found a broken altar of Ashenzari.
  3069 | D:3      | Found a snail-covered altar of Cheibriados.
  3262 | D:3      | Found a runed translucent door.
  3263 | D:3      | Noticed Crazy Yiuf
  3270 | D:3      | Killed Crazy Yiuf
  3271 | D:3      | Reached XP level 5. HP: 24/47 MP: 5/5
  3532 | D:4      | Reached skill level 5 in Axes
  3677 | D:4      | Noticed an ogre
  3882 | D:4      | Killed an ogre
  3883 | D:4      | Reached XP level 6. HP: 14/55 MP: 6/6
  4179 | D:4      | Reached skill level 5 in Fighting
  4179 | D:4      | Reached skill level 6 in Axes
  4227 | D:4      | Found an ancient bone altar of Kikubaaqudgha.
  4227 | D:4      | Found a blossoming altar of Fedhas.
  4502 | D:4      | Found an opulent altar of Gozag.
  4671 | D:4      | Reached XP level 7. HP: 46/61 MP: 7/7
  4865 | D:4      | Reached skill level 5 in Armour
  5012 | D:4      | Reached skill level 7 in Axes
  5012 | D:4      | Reached skill level 5 in Shields
  5295 | D:5      | Entered Level 5 of the Dungeon
  5600 | D:5      | Reached XP level 8. HP: 42/70 MP: 8/8
  5602 | D:5      | Reached skill level 8 in Axes
  6337 | D:5      | Found a hazy altar of Hepliaklqana.
  6510 | D:6      | Reached skill level 9 in Axes
  6690 | D:6      | Noticed Maggie
  6710 | D:6      | Killed Maggie
  6711 | D:6      | Reached skill level 1 in Dodging
  7100 | D:6      | Reached XP level 9. HP: 73/79 MP: 9/9
  7137 | D:6      | Reached skill level 10 in Axes
  7146 | D:6      | Noticed Sigmund
  7716 | D:6      | Noticed Menkaure
  7730 | D:6      | Killed Menkaure
  8592 | D:7      | Reached skill level 11 in Axes
  8897 | D:7      | Found a staircase to the Ecumenical Temple.
  8911 | Temple   | Entered the Ecumenical Temple
  9556 | D:7      | Found a stormy altar of Qazlal.
  9943 | D:4      | Reached XP level 10. HP: 87/90 MP: 10/10
 10013 | D:4      | Reached skill level 12 in Axes
 10490 | D:8      | Found a staircase to the Lair.
 10490 | D:8      | Noticed an elephant
 10528 | D:8      | Killed an elephant
 10983 | D:8      | Reached skill level 13 in Axes
 11014 | D:8      | Noticed Prince Ribbit
 11029 | D:8      | Killed Prince Ribbit
 11261 | D:8      | Found a burning altar of Makhleb.
 11266 | D:8      | Became a worshipper of Makhleb the Destroyer
 11611 | Lair:1   | Entered Level 1 of the Lair of Beasts
 11612 | Lair:1   | Noticed a cane toad
 11614 | Lair:1   | Noticed a cane toad
 11625 | Lair:1   | Killed a cane toad
 11635 | D:8      | Killed a cane toad
 11980 | Lair:1   | Reached skill level 14 in Axes
 12208 | Lair:1   | Noticed a catoblepas
 12296 | D:8      | Killed a catoblepas
 12297 | D:8      | Reached skill level 10 in Fighting
 12297 | D:8      | Reached XP level 11. HP: 69/100 MP: 11/11
 13017 | Lair:2   | Reached skill level 15 in Axes
 13763 | Lair:2   | Noticed a bog body
 13774 | Lair:2   | Killed a bog body
 13968 | Lair:2   | Noticed a bog body
 13979 | Lair:2   | Slain by a bog body

Illustrated notes

Levels and vault maps discovered:
D:1:      heliophobic_arrival_glass_houses, layout_basic,
          shapermc_ecumenical_altar_venn
D:2:      layout_loops_corners
D:3:      layout_loops_ring, mainiacjoe_overflow_two_lobes,
          uniq_crazy_yiuf_cottage
D:4:      lemuel_castle_with_subvaults [lemuel_castle_interior_carwin_2],
          layout_gridville, grunt_temple_overflow_growth_and_decay,
          mainiacjoe_overflow_24_doors, nicolae_elevator_lobby_plus
D:5:      layout_rooms, nicolae_hepliaklqana_monster_ancestors,
          nicolae_concentric_dashed_squares_wild
D:6:      dreamdust_elfheim, layout_basic, kennysheep_potato, uniq_sigmund,
          uniq_maggie, uniq_menkaure
D:7:      minmay_flawed_box, layout_gridville, mainiacjoe_overflow_brackets,
          minmay_temple_entry_glass
D:8:      layout_loops_ring, lightli_temple_of_fire, david_lair_generic,
          uniq_prince_ribbit1
Temple:   nicolae_temple_godzebo
Lair:1:   layout_hall_layers, grunt_megastairs_3
Lair:2:   layout_layer_cave, nicolae_swamp_entry_splash_gauntlet

Skill      XL: |  1  2  3  4  5  6  7  8  9 10 11 |
---------------+----------------------------------+-----
Axes           | 3 4 5 6 7 9 11 14 15 | 15.4
Fighting       | 4 5 6 7 8 10 | 10.7
Armour         | 4 5 6 7 9 |  9.9
Shields        | 4 5 |  5.0
Dodging        | 1 3 |  3.0

Action                   |  1- 3 |  4- 6 |  7- 9 | 10-12 || total
-------------------------+-------+-------+-------+-------++-------
Melee: War axe           |   123 |   151 |   372 |   232 ||   878
Throw: Stone             |       |    10 |       |       ||    10
  Use: Potion            |       |     1 |       |       ||     1
       Scroll            |       |       |    15 |       ||    15
 Stab: Distracted        |       |       |     1 |       ||     1
Armor: Scale mail        |    59 |    96 |   111 |       ||   266
       Swamp dragon scal |       |       |    80 |    71 ||   151
Dodge: Dodged            |    57 |    72 |   153 |    86 ||   368
Block: Buckler           |    42 |    49 |   106 |    48 ||   245
